 Dungeon Crawl Stone Soup version 0.29-a0-551-gffc1d7fb78 (webtiles) character file.

Game seed: 13840109570529691144

15 shadowstone the Grave Robber (level 2, -3/15 HPs)
             Began as a Tengu Necromancer on June 5, 2022.
             Was a Follower of Qazlal.
             Frozen to death by an endoplasm (4 damage)
             ... on level 1 of the Dungeon.
             The game lasted 00:08:32 (499 turns).

shadowstone the Grave Robber (Tengu Necromancer)     Turns: 499, Time: 00:08:32

Health: -3/15      AC: 10    Str:  8    XL:     2   Next: 50%
Magic:  6/6        EV:  0    Int: 15    God:    Qazlal [*.....]
Gold:   51         SH:  1    Dex: 14    Spells: 4/5 levels left

rFire   . . .      SeeInvis .   (no weapon)
rCold   . . .      Faith    .   (no shield)
rNeg    + . .      Spirit   .   c - +0 plate armour
rPois   .          Reflect  .   (helmet restricted)
rElec   .          Harm     .   (no cloak)
rCorr   .          Rampage  .   (no gloves)
Will    .....                   (boots unavailable)
Stlth   ..........              (no amulet)
HPRegen 0.05/turn               h - ring of positive energy
MPRegen 0.10/turn               (no ring)

@: no status effects
A: beak, talons 3
a: Renounce Religion


You were on level 1 of the Dungeon.
You worshipped Qazlal.
Qazlal was aware of your devotion.
You visited 1 branch of the dungeon, and saw 1 of its levels.

You collected 51 gold pieces.

Inventory:

Armour
 a - a +0 robe
 c - a +0 plate armour (worn)
Jewellery
 h - a ring of positive energy (left hand)
Potions
 b - a potion of magic
 d - a potion of heal wounds {unknown}
 e - a potion of cancellation {unknown}
 f - a potion of attraction {unknown}
 g - a potion of brilliance {unknown}


   Skills:
 + Level 0.2 Fighting
 + Level 0.4 Armour
 + Level 2.2 Dodging
 + Level 2.1 Stealth
 + Level 2.1 Spellcasting
 + Level 4.8 Necromancy


You had 4 spell levels left.
You knew the following spells:

 Your Spells              Type           Power      Damage    Failure   Level
a - Necrotize             Necr           64%        1d7       100%        1

Your spell library contained the following spells:

 Spells                   Type           Power      Damage    Failure   Level
 Vampiric Draining        Necr           16%        2d7       100%        3
 Animate Dead             Necr           16%        N/A       100%        4
 Agony                    Necr           16%        N/A       100%        5


Dungeon Overview and Level Annotations

Branches:
Dungeon (1/15)

Altars:
Qazlal

Shops:
D:1 :


Innate Abilities, Weirdness & Mutations

You have a beak for a mouth.
You have claws for feet.


Message History

The endoplasm quivers.
Your kick misses the bat. The bat hits you but does no damage. x2
The bat hits you but does no damage. You block the bat's attack.
The bat hits you but does no damage. The bat hits you but does no damage.
The bat attacks as you move away! The bat hits you but does no damage. x2
The bat attacks as you move away! The bat hits you.
The bat hits you but does no damage.
The endoplasm hits you but does no damage.
You miss the bat. Your kick misses the bat. Your punch misses the bat.
The bat hits you but does no damage. x2; The endoplasm hits you.
The bat hits you but does no damage. The endoplasm freezes you.
You are frozen.
* * * LOW HITPOINT WARNING * * *
The bat hits you but does no damage.
The endoplasm hits you but does no damage.
You hit the endoplasm. You claw the endoplasm. You peck the endoplasm.
You kill the endoplasm!
Qazlal accepts your kill. The bat hits you but does no damage.
The bat hits you but does no damage. The bat hits you but does no damage.
The bat hits you but does no damage. The bat hits you but does no damage. x2
The bat hits you but does no damage.
An endoplasm comes into view.
The endoplasm quivers.
The bat hits you but does no damage. x2
You completely miss the bat. You peck the bat, but do no damage.
The bat is engulfed in freezing vapours.
You kill the bat!
Qazlal accepts your kill.
You see here a bat corpse.
An endoplasm is nearby!
An endoplasm is nearby!
An endoplasm is nearby!
The endoplasm freezes you.
You are frozen.
You die...

#.............
#.............
#.............
###............. .
..............## ..
####.##.......## ...#
#####...##.########
.....####...†.###..########
.........J@................
>.###.)†..§....###########
.$.....≈≈≈####### .
.#####≈≈≈≈≈# .. #...∩≈≈..
## ...≈≈≈≈≈....
.....≈≈≈##### #........#
##########


You could see an endoplasm.

Vanquished Creatures
  An endoplasm (D:1)
  A giant cockroach (D:1)
  A goblin (D:1)
  A hobgoblin (D:1)
  2 jackals (D:1)
  A kobold (D:1)
  A quokka (D:1)
  A ball python (D:1)
  2 bats (D:1)
  A frilled lizard (D:1)
  A rat (D:1)
13 creatures vanquished.

Notes
Turn   | Place    | Note
-------+----------+-------------------------------------------
     0 | D:1      | shadowstone the Tengu Necromancer began the quest for the
                  | Orb.
     0 | D:1      | Reached XP level 1. HP: 10/10 MP: 4/4
   214 | D:1      | Reached XP level 2. HP: 9/15 MP: 6/6
   234 | D:1      | Found a faded altar of an unknown god.
   256 | D:1      | Prayed at the altar of an unknown god.
   256 | D:1      | Became a worshipper of Qazlal Stormbringer
   256 | D:1      | Reached * piety under Qazlal
   456 | D:1      | Found Cypsiam's Book Shop.
   499 | D:1      | Frozen to death by an endoplasm

Illustrated notes

Levels and vault maps discovered:
D:1:      lemuel_arrival_rhombus, layout_rooms, serial_shops,
          nicolae_shop_waterfront, hellmonk_ecumenical_altar_lost_god

Action                   || total
-------------------------++-------
Melee: Unarmed           ||    50
       Kick              ||    14
       Peck              ||     9
  Use: Scroll            ||     2
Armor: Plate armour      ||   113
       Robe              ||     1
Dodge: Dodged            ||     5
Block: Other             ||     1

Table legend: (Time is in decaauts)
 A = Elapsed time spent in this place.
 B = Non-inter-level travel time spent in this place.
 C = Inter-level travel time spent in this place.
 D = Time resting spent in this place.
 E = Time spent auto-exploring this place.
 F = Levels seen in this place.
 G = Mean time per level.
                   A        B        C        D        E       F      G
               +--------+--------+--------+--------+--------+-----+--------+
         Total |    498 |    495 |      3 |      0 |      0 |   1 |  498.0 |
       Dungeon |    498 |    495 |      3 |      0 |      0 |   1 |  498.0 |
               +--------+--------+--------+--------+--------+-----+--------+

Top non-repeatable levels by time:
     D:1: 498 daAuts
